 Dungeon Sprint DCSS version 0.28-a0-1236-gb25a51b929 (webtiles) character file.

Game seed: 4616742278788905038

558 rocky1 the Demonic Disaster (level 7, -1/55 HPs)
             Began as a Demonspawn Fighter on Dec 26, 2021.
             Was a Believer of Qazlal.
             Shot with a bolt by a yaktaur (27 damage)
             ... in the Dungeon (Sprint V: "Ziggurat Sprint").
             The game lasted 00:08:58 (599 turns).

rocky1 the Demonic Disaster (Demonspawn Fighter)     Turns: 599, Time: 00:08:59

Health: -1/55      AC: 13    Str: 29    XL:     7   Next: 9%
Magic:  13/13      EV: 12    Int:  4    God:    Qazlal [**....]
Gold:   0          SH: 17    Dex: 12    Spells: 6/6 levels left

rFire   . . .      SeeInvis +   A - +5 broad axe
rCold   . . .      Faith    .   w - +3 kite shield
rNeg    . . .      Spirit   .   m - +3 chain mail "Atidyn" {Slay+3}
rPois   .          Reflect  .   (helmet restricted)
rElec   .          Harm     .   (no cloak)
rCorr   .          Rampage  .   (no gloves)
Will    .....      NoTele   +   (no boots)
Stlth   ..........              (no amulet)
HPRegen 0.18/turn               p - +6 ring of strength
MPRegen 0.13/turn               G - ring "Qaikkad" {EV+4 Str+4 Int-5 SInv}

@: no status effects
A: horns 2, demonic guardian 1, sharp scales 1
a: Renounce Religion, Upheaval


You were in the Dungeon.
You worshipped Qazlal.
Qazlal was pleased with you.
You visited 1 branch

Inventory:

Hand Weapons
 A - a +5 broad axe (weapon)
 E - the +7 Singing Sword {vorpal, sonic wave}
   (You found it in the Dungeon)

   It inflicts extra damage upon your enemies.
   It radiates damaging sonic waves as it strikes, especially in combat
   involving dangerous or numerous foes.
 F - the +8 lance "Wyrmbane" {slay drac, rPois rF+ rC+ AC+3}
   (You found it in the Dungeon)

   It inflicts extra damage against dragons and draconians.
   AC:        It affects your AC (+3).
   rF:        It protects you from fire.
   rC:        It protects you from cold.
   rPois:     It protects you from poison.
Armour
 m - the +3 chain mail "Atidyn" (worn) {Slay+3}
   (You found it in the Dungeon)

   Slay:      It affects your accuracy & damage with ranged weapons and melee
   (+3).
 v - a +3 buckler
 w - a +3 kite shield (worn)
 x - a +3 tower shield
 B - a +5 crystal plate armour
 C - +5 gold dragon scales
 D - a +5 plate armour
Jewellery
 b - the ring "Deowoguz" {rF+ Will- Int+10}
   (You found it in the Dungeon)

   [ring of protection from fire]

   Int:       It affects your intelligence (+10).
   rF:        It protects you from fire.
   Will:      It decreases your willpower.
 p - a +6 ring of strength (left hand)
 q - a +6 ring of strength
 G - the ring "Qaikkad" (right hand) {EV+4 Str+4 Int-5 SInv}
   (You found it in the Dungeon)

   [ring of evasion]

   EV:        It affects your evasion (+4).
   Str:       It affects your strength (+4).
   Int:       It affects your intelligence (-5).
   SInv:      It lets you see invisible.
Wands
 r - a wand of mindburst (6)
 s - a wand of iceblast (4)
 t - a wand of acid (6)
Scrolls
 j - 4 scrolls of blinking
 n - 4 scrolls of amnesia
 o - 7 scrolls of fog
 y - 5 scrolls of identify
 z - 2 scrolls of fear
Potions
 a - a potion of cancellation {unknown}
 c - 2 potions of brilliance
 d - 6 potions of might
 e - 9 potions of curing
 f - 9 potions of heal wounds
 g - 6 potions of haste
 h - 7 potions of magic
 i - 3 potions of berserk rage
 k - 2 potions of invisibility
 l - 4 potions of resistance
Miscellaneous
 u - a lightning rod (4/4)


   Skills:
 + Level 4.3 Fighting
 + Level 8.2 Axes
 + Level 3.9 Armour
 + Level 2.5 Dodging
 + Level 8.6 Shields
 + Level 9.1 Invocations
 + Level 3.0 Evocations


You had 6 spell levels left.
You didn't know any spells.
Your spell library was empty.

Dungeon Overview and Level Annotations

Branches:
Dungeon (1/1)

Altars:
Ashenzari
Cheibriados
Dithmenos
Elyvilon
Fedhas
Gozag
Hepliaklqana
Kikubaaqudgha
Makhleb
Nemelex Xobeh
Okawaru
Qazlal
Ru
Sif Muna
Trog
Uskayaw
Vehumet
Wu Jian
Xom
Yredelemnul
Zin
The Shining One
Beogh
Jiyva
Lugonu

Annotations:
D 1 transporter


Innate Abilities, Weirdness & Mutations

You have a pair of horns on your head.
A weak demonic guardian rushes to your aid.
You are partially covered in razor-sharp scales. (AC +1, Slay +1)


Message History

You continue taking off your +3 buckler. x4
You finish taking off your +3 buckler.
You start putting on your armour.
You continue putting on your +3 kite shield. x5
You finish putting on your +3 kite shield.
Unknown command.
Welcome to arena 4.
You enter the transporter and appear at another place.
A harpy, a boggart, a yaktaur and a wizard come into view.
The harpy screeches!
The boggart shouts!
The wizard shouts!
The wizard casts a spell.
The wizard flickers and vanishes for a moment.
The yaktaur wields a +0 arbalest.
The yaktaur shoots a bolt.
You block the bolt.
Found four items.
Found a transporter.
Aiming: Iceblast
Press: ? - help, Shift-Dir - straight line The mass of ice explodes!
The iceblast engulfs the wizard.
The wizard is lightly wounded.
The iceblast engulfs the harpy!
The harpy is heavily wounded.
You block the harpy's attack. The harpy claws you but does no damage.
The boggart casts a spell.
You slash the harpy!
The harpy is severely wounded.
You block the harpy's attack. The harpy claws you but does no damage.
You block the harpy's attack. The harpy claws you.
The boggart casts a spell.
The boggart blinks!
The harpy claws you! You block the harpy's attack.
The endoplasm jiggles.
The wizard gestures wildly while chanting.
The wizard blinks!
You barely miss the wizard. You headbutt the wizard!
The wizard is heavily wounded.
You slash the harpy!
You kill the harpy!
Qazlal accepts your kill.
The yaktaur shoots a bolt.
The bolt hits you! You block the wizard's attack.
The yaktaur shoots a bolt.
The bolt hits you!!
You die...

▓..©..▓..©..▓▓▓▓▓▓▓
▓▓▓▓▓▓▓▓▓▓▓▓▓▓
▓..8©8...▓
▓..|::...▓
▓.J.}....▓
▓....c...▓
..g§....▓
▓.▓○...▓.▓
▓...@p...▓
▓▓▓▓▓▓▓▓▓▓


You could see a yaktaur, a wizard (invisible), a boggart and an endoplasm
(summoned).

Vanquished Creatures
  A harpy (D)
  Sigmund (D)
  An ice beast (D)
  A wolf (D)
  Blork the orc (D)
  A bullfrog (D)
  Crazy Yiuf (D)
  An iguana (D)
  Jessica (D)
  A giant cockroach simulacrum (D)
10 creatures vanquished.

Notes
Turn   | Place    | Note
-------+----------+-------------------------------------------
     0 | D        | rocky1 the Demonspawn Fighter began the quest for the Orb.
     0 | D        | Reached XP level 1. HP: 18/18 MP: 1/1
     0 | D        | Found a shimmering blue altar of Sif Muna.
     0 | D        | Found a bloodstained altar of Trog.
     0 | D        | Found a sacrificial altar of Ru.
     0 | D        | Found a stormy altar of Qazlal.
     0 | D        | Found an iron altar of Okawaru.
     3 | D        | Banished a spatial maelstrom
     7 | D        | Found a sparkling altar of Nemelex Xobeh.
     7 | D        | Found the +7 great mace "Firestarter" {inner flame, rF++}
     7 | D        | Found the +6 shillelagh "Devastator" {shatter}
     7 | D        | Found the +11 plutonium sword {Contam Stlth-}
     7 | D        | Found the +8 lance "Wyrmbane" {slay drac, rPois rF+ rC+
                  | AC+3}
     7 | D        | Found the +9 sword of Zonguldrok {reap}
     7 | D        | Found the +13 scythe of Curses {drain, Drain}
     7 | D        | Found the +5 sword of Power {vorpal}
     7 | D        | Found the +7 mace of Variability {chain chaos}
     7 | D        | Found the +7 Singing Sword {vorpal, sonic wave}
     7 | D        | Found the +8 storm bow {elec, penet}
     7 | D        | Found the +6 Majin-Bo {vamp, MP+6 Int+6}
     7 | D        | Found the +9 heavy crossbow "Sniper" {vorpal, Acc+∞ SInv}
     7 | D        | Found the +10 dark maul {vorpal}
     7 | D        | Found the +15 Maxwell's patent armour {-Cast -Tele rElec
                  | Will+ rCorr}
     7 | D        | Found the +18 shield of the Gong {rElec rN+ Will+ EV-5}
     7 | D        | Found the +14 obsidian axe {vorpal, Mesm Drain Fly SInv}
     8 | D        | Found a burning altar of Makhleb.
     8 | D        | Found a corrupted altar of Lugonu.
     8 | D        | Found an ancient bone altar of Kikubaaqudgha.
     8 | D        | Found a transporter.
    12 | D        | Became a worshipper of Qazlal Stormbringer
    14 | D        | Found a viscous altar of Jiyva.
    16 | D        | Found a hazy altar of Hepliaklqana.
    37 | D        | Found an opulent altar of Gozag.
    38 | D        | Found a blossoming altar of Fedhas.
   124 | D        | Reached skill level 5 in Axes
   124 | D        | Reached skill level 5 in Shields
   124 | D        | Gained mutation: You have a pair of small horns on your
                  | head. [demonic ancestry]
   124 | D        | Reached XP level 2. HP: 24/24 MP: 2/2
   145 | D        | Entered arena 2.
   145 | D        | Noticed an ice beast
   145 | D        | Found a transporter.
   148 | D        | Killed an ice beast
   149 | D        | Reached skill level 5 in Invocations
   149 | D        | Gained mutation: A weak demonic guardian rushes to your
                  | aid. [demonic ancestry]
   149 | D        | Reached XP level 3. HP: 29/29 MP: 2/6
   149 | D        | Reached XP level 4. HP: 35/35 MP: 2/7
   208 | D        | Entered arena 3.
   208 | D        | Noticed a bullfrog
   208 | D        | Noticed a wolf
   208 | D        | Found a transporter.
   215 | D        | Killed a wolf
   215 | D        | Reached * piety under Qazlal
   216 | D        | Reached skill level 7 in Invocations
   216 | D        | Gained mutation: You are partially covered in razor-sharp
                  | scales. (AC +1, Slay +1) [demonic ancestry]
   216 | D        | Reached XP level 5. HP: 15/41 MP: 7/10
   217 | D        | Reached skill level 8 in Invocations
   217 | D        | Reached XP level 6. HP: 18/47 MP: 7/12
   519 | D        | Got the +3 chain mail "Atidyn" {Slay+3}
   543 | D        | Entered arena 4.
   543 | D        | Noticed Sigmund
   543 | D        | Noticed Jessica
   543 | D        | Noticed Blork the orc
   543 | D        | Noticed Crazy Yiuf
   543 | D        | Found a transporter.
   546 | D        | Killed Crazy Yiuf
   546 | D        | Reached ** piety under Qazlal
   549 | D        | Killed Jessica
   550 | D        | Reached skill level 1 in Dodging
   550 | D        | Reached skill level 1 in Evocations
   551 | D        | Killed Blork the orc
   553 | D        | Killed Sigmund
   554 | D        | Reached skill level 9 in Invocations
   554 | D        | Gained mutation: You have a pair of horns on your head.
                  | [demonic ancestry]
   554 | D        | Reached XP level 7. HP: 54/55 MP: 13/13
   564 | D        | Got the ring "Deowoguz" {rF+ Will- Int+10}
   566 | D        | Got the ring "Qaikkad" {EV+4 Str+4 Int-5 SInv}
   596 | D        | Entered arena 5.
   596 | D        | Noticed a harpy
   596 | D        | Noticed a yaktaur
   596 | D        | Noticed a wizard
   596 | D        | Found a transporter.
   599 | D        | Killed a harpy
   599 | D        | Shot with a bolt by a yaktaur

Illustrated notes

Levels and vault maps discovered:
D:        sprint_v [room_start, room_1, room_2, room_3, room_4, room_5, room_6,
          room_7, room_8, room_9, room_10, room_11, room_12, room_13, room_14,
          room_15, room_16, room_17, room_18, room_19, room_20, room_21,
          room_22, room_23, room_24, room_25, room_26, room_27]

Skill      XL: |  1  2  3  4  5  6 |
---------------+-------------------+-----
Axes           | 5 6 7 8 |  8.2
Shields        | 5 6 7 8 |  8.6
Invocations    | 5 7 8 9 |  9.1
Armour         | 3 |  3.9
Dodging        | 2 |  2.5
Evocations     | 3 |  3.0
Fighting       | 4 |  4.3

Action                   |  1- 3 |  4- 6 |  7- 9 || total
-------------------------+-------+-------+-------++-------
Melee: Broad axe         |     2 |    13 |     2 ||    17
       Headbutt          |     1 |     3 |     1 ||     5
Evoke: Wand              |     1 |     3 |     1 ||     5
  Use: Potion            |     1 |     2 |       ||     3
Armor: Scale mail        |     2 |     1 |       ||     3
       Chain mail        |       |     6 |     2 ||     8
Dodge: Dodged            |       |    11 |       ||    11
Block: Buckler           |     2 |    10 |       ||    12
       Kite shield       |       |       |     6 ||     6

Table legend: (Time is in decaauts)
 A = Elapsed time spent in this place.
 B = Non-inter-level travel time spent in this place.
 C = Inter-level travel time spent in this place.
 D = Time resting spent in this place.
 E = Time spent auto-exploring this place.
 F = Levels seen in this place.
 G = Mean time per level.
                   A        B        C        D        E       F      G
               +--------+--------+--------+--------+--------+-----+--------+
         Total |    606 |    606 |      0 |    341 |      0 |   1 |  606.0 |
       Dungeon |    606 |    606 |      0 |    341 |      0 |   1 |  606.0 |
               +--------+--------+--------+--------+--------+-----+--------+

Top non-repeatable levels by time:
       D: 606 daAuts
